Panthers vs Rangers

Created - Tuesday, February 03, 2015 at 00:01

Goals
1 2 3 T
Panthers 1 0 2 3
Rangers 4 2 1 7
Shots
1 2 3 T
Panthers 13 9 7 29
Rangers 11 7 5 23

1st period

1. Rangers , Brad Richardson 3 (Jeff Skinner, Matt Moulson) at 1:33
2. Rangers , Brad Richardson 4 (Kevin Shattenkirk, Kevin Bieksa) at 9:25
3. Rangers , Todd Bertuzzi 3 (Daniel Sedin, Jay McClement) at 11:39
4. Panthers , Paul Ranger 10 (Shawn Horcoff, Charlie Coyle) at 14:08 (PP)
5. Rangers , Logan Couture 16 (Daniel Alfredsson, James van Riemsdyk) at 15:35 (PP)

Penalties :
Justin Falk (NYR) for High sticking (Minor) at 3:31, Jay McClement (NYR) for Goalie Interference (Minor) at 13:03, Brad Boyes (Fla) for Interference (Minor) at 15:26, Todd Bertuzzi (NYR) for Hooking (Minor) at 16:07

2nd period

6. Rangers , James van Riemsdyk 24 (Logan Couture, Luca Sbisa) at 0:44
7. Rangers , Kevin Shattenkirk 18 (Logan Couture, Kevin Bieksa) at 18:03 (SH)

Penalties :
Luca Sbisa (NYR) for High sticking (Minor) at 17:47

3rd period

8. Rangers , James van Riemsdyk 25 (Logan Couture, Daniel Alfredsson) at 0:20
9. Panthers , Alex Galchenyuk 18 (Jakob Silfverberg, Dustin Penner) at 2:37 (PP)
10. Panthers , Calvin de Haan 4 (Paul Ranger, Jakob Silfverberg) at 12:18 (PP)

Penalties :
Kevin Bieksa (NYR) for Holding (Minor) at 1:42, Kevin Shattenkirk (NYR) for Hooking (Minor) at 3:00, Colin McDonald (Fla) for Hooking (Minor) at 7:19, Kevin Bieksa (NYR) for Delaying the game (Minor) at 12:07, Paul Ranger (Fla) for Hooking (Minor) at 15:55

Goalie Stats

Martin Biron (Fla), 12 saves from 15 shots - (0.800), 44:25 minutes
Cal Heeter (Fla), 4 saves from 8 shots - (0.500), L, 3-22-0, 15:35 minutes
Jaroslav Halak (NYR), 26 saves from 29 shots - (0.897), W, 14-13-1, 60:00 minutes

Players Stats for Panthers

Player Name              G  A  P  +/- PIM S  H  SB GA TA FO     MP     PP MP  PK MP  
------------------------------------------------------------------------------------
Adam Larsson             0  0  0  -1  0   1  1  1  0  1  0/0    12:13   0:00   0:00 
Alex Galchenyuk          1  0  1  -4  0   2  4  0  4  0  2/9    18:50   5:14   0:05 
Brad Boyes               0  0  0  -2  2   1  1  0  1  0  10/18  23:07   4:53   2:32 
Calvin de Haan           1  0  1  -1  0   1  0  1  1  1  0/0    19:28   4:07   1:59 
Charlie Coyle            0  1  1  -2  0   2  1  0  2  0  2/2    16:23   4:53   0:00 
Colin McDonald           0  0  0   0  2   0  1  0  0  0  0/0    14:12   0:00   0:00 
David Booth              0  0  0   0  0   0  0  0  1  0  0/1     9:46   0:00   1:56 
Dustin Penner            0  1  1  -4  0   2  3  0  1  0  0/2    18:50   5:14   0:05 
Jack Hillen              0  0  0   0  0   0  0  0  0  0  0/0     4:19   0:00   0:00 
Jake Gardiner            0  0  0  -4  0   2  1  3  1  2  0/0    24:00   6:00   2:08 
Jakob Silfverberg        0  2  2  -4  0   1  1  0  4  2  0/1    17:39   5:14   0:00 
Josh Bailey              0  0  0   0  0   1  0  0  3  0  8/10   14:20   0:00   0:00 
Marco Scandella          0  0  0  -4  0   5  2  2  0  1  0/0    28:19   6:00   2:08 
Matt D'Agostini          0  0  0   0  0   2  0  0  0  0  3/4     7:40   0:00   0:00 
Nino Niederreiter        0  0  0   0  0   1  0  0  4  0  0/1    13:59   0:00   0:00 
Paul Ranger              1  1  2  -1  2   3  1  1  1  1  0/0    20:33   4:07   1:59 
Shawn Horcoff            0  1  1  -2  0   5  1  0  1  0  2/2    19:59   4:53   3:36 
Simon Despres            0  0  0  -1  0   0  1  2  0  0  0/0    12:13   0:00   0:00 

Players Stats for Rangers

Player Name              G  A  P  +/- PIM S  H  SB GA TA FO     MP     PP MP  PK MP  
------------------------------------------------------------------------------------
Brad Richardson          2  0  2   3  0   3  1  0  2  1  1/2    14:28   0:00   1:24 
Daniel Alfredsson        0  2  2   2  0   1  0  1  2  0  2/3    17:02   1:44   2:40 
Daniel Sedin             0  1  1   1  0   5  0  0  2  0  0/0    18:51   2:23   2:40 
Francis Bouillon         0  0  0   1  0   1  0  0  0  0  0/0    13:04   0:00   0:00 
James van Riemsdyk       2  1  3   2  0   2  1  0  4  0  7/20   24:44   1:44   6:03 
Jamie McBain             0  0  0   2  0   0  0  1  0  2  0/0    19:31   1:37   3:09 
Jay McClement            0  1  1   1  2   1  2  0  0  0  7/10   15:42   2:23   0:00 
Jeff Skinner             0  1  1   2  0   2  0  0  0  0  3/8    13:18   0:00   0:00 
Justin Falk              0  0  0   0  2   0  1  0  0  0  0/0     4:38   0:00   0:00 
Kevin Bieksa             0  2  2   3  4   1  2  1  0  8  0/0    27:23   2:30   6:58 
Kevin Shattenkirk        1  1  2   3  2   2  1  1  0  3  0/0    21:20   2:30   4:59 
Logan Couture            1  3  4   3  0   1  1  0  3  0  0/0    20:34   1:44   7:27 
Luca Sbisa               0  1  1   2  2   0  2  2  0  2  0/0    19:43   1:37   3:09 
Matt Moulson             0  1  1   2  0   1  0  0  1  1  0/1    12:28   0:00   0:00 
Maxim Lapierre           0  0  0   0  0   1  2  0  0  0  2/5     8:07   0:00   0:00 
Philip Larsen            0  0  0   1  0   0  1  0  0  0  0/0    15:10   0:00   1:59 
Tanner Glass             0  0  0   0  0   0  0  0  0  0  0/0     8:07   0:00   0:00 
Todd Bertuzzi            1  0  1   1  2   2  2  1  1  0  1/1    15:36   2:23   0:00 

3 Stars

1 - Logan Couture (NYR)
2 - James van Riemsdyk (NYR)
3 - Brad Richardson (NYR)

Power Play

Panthers - 3 on 7 Attempt(s) - 42.86%
Rangers - 1 on 3 Attempt(s) - 33.33%

Penalty Kill

Panthers - 2 on 3 Attempt(s) - 66.67% - Score 0 goal in Penalty Kill
Rangers - 4 on 7 Attempt(s) - 57.14% - Score 1 goal in Penalty Kill

Team Stat

Panthers - Hits : 18 - Faceoff Wins : 27 - Blocked Shots : 10 - Penalty Minutes : 6
Rangers - Hits : 16 - Faceoff Wins : 23 - Blocked Shots : 7 - Penalty Minutes : 14

Official

Referees : Unknown
Linesman : Unknown

Game Notes

Martin Biron enters game at 15:35 of 1st period

Finance

Level 1 -- Attendance: 6000 (100.00%) -- Ticket Income $510,000
Level 2 -- Attendance: 4600 (92.00%) -- Ticket Income $207,000
Level 3 -- Attendance: 1881 (94.05%) -- Ticket Income $54,549
Level 4 -- Attendance: 3938 (98.45%) -- Ticket Income $59,070
Luxury Box -- Attendance: 998 (99.80%) -- Ticket Income $178,642
Game was played at the Madison Square Garden'
Total Attendance: 17417 (96.76%)
Total Ticket Income: $1,009,261
Other Income: $494,538
Total Income: $1,503,799

Panthers

5 vs 5 Forward 
   Center                   Left Wing                Right Wing               Time % Phy DF OF 
 1 Brad Boyes               Shawn Horcoff            Charlie Coyle            35     1   2  2  
 2 Alex Galchenyuk          Dustin Penner            Jakob Silfverberg        30     1   2  2  
 3 Josh Bailey              Nino Niederreiter        Colin McDonald           22     1   2  2  
 4 Matt D'Agostini          David Booth              Brad Boyes               13     1   2  2  

5 vs 5 Defense 
   Defense                  Defense                                           Time % Phy DF OF 
 1 Marco Scandella          Jake Gardiner                                     35     1   2  2  
 2 Calvin de Haan           Paul Ranger                                       30     1   2  2  
 3 Simon Despres            Adam Larsson                                      22     1   2  2  
 4 Jack Hillen              Marco Scandella                                   13     1   2  2  

PowerPlay Forward 
   Center                   Left Wing                Right Wing               Time % Phy DF OF 
 1 Brad Boyes               Shawn Horcoff            Charlie Coyle            60     1   2  2  
 2 Alex Galchenyuk          Dustin Penner            Jakob Silfverberg        40     1   2  2  

PowerPlay Defense
   Defense                  Defense                                           Time % Phy DF OF 
 1 Marco Scandella          Jake Gardiner                                     60     1   2  2  
 2 Calvin de Haan           Paul Ranger                                       40     1   2  2  

Penalty Kill 4 Players Forward 
   Center                   Wing                     Time % Phy DF OF 
 1 Brad Boyes               Shawn Horcoff            60     1   2  2  
 2 Alex Galchenyuk          Dustin Penner            40     1   2  2  

Penalty Kill 4 Players Defense
   Defense                  Defense                  Time % Phy DF OF 
 1 Marco Scandella          Jake Gardiner            60     1   2  2  
 2 Calvin de Haan           Paul Ranger              40     1   2  2  

Penalty Kill - 3 Players Forward 
   Forward                                           Time % Phy DF OF 
 1 Brad Boyes                                        60     1   2  2  
 2 Shawn Horcoff                                     40     1   2  2  

Penalty Kill - 3 Players Defense
   Defense                  Defense                  Time % Phy DF OF 
 1 Marco Scandella          Jake Gardiner            60     1   2  2  
 2 Calvin de Haan           Paul Ranger              40     1   2  2  

4 vs 4 Forward 
   Center                   Wing                     Time % Phy DF OF 
 1 Brad Boyes               Shawn Horcoff            60     1   2  2  
 2 Alex Galchenyuk          Dustin Penner            40     1   2  2  

4 vs 4 Defense
   Defense                  Defense                  Time % Phy DF OF 
 1 Marco Scandella          Jake Gardiner            60     1   2  2  
 2 Calvin de Haan           Paul Ranger              40     1   2  2  

Last Minutes Offensive
   Center                   Left Wing                Right Wing               Defense                  Defense                  
   Brad Boyes               Shawn Horcoff            Charlie Coyle            Marco Scandella          Jake Gardiner            

Last Minutes Defensive
   Center                   Left Wing                Right Wing               Defense                  Defense                  
   Brad Boyes               Shawn Horcoff            Charlie Coyle            Marco Scandella          Jake Gardiner            

Goaltenders
Starting : Cal Heeter               
Backup : Martin Biron             

Extra Forwards
Normal : Colin McDonald, Nino Niederreiter, David Booth - PP : Colin McDonald, Nino Niederreiter - PK : David Booth
Extra Defensemen
Normal : Simon Despres, Adam Larsson, Marco Scandella - PP : Simon Despres - PK : Adam Larsson, Marco Scandella
Penalty Shots
Brad Boyes, Shawn Horcoff, Alex Galchenyuk, Dustin Penner, Charlie Coyle

Rangers

5 vs 5 Forward 
   Center                   Left Wing                Right Wing               Time % Phy DF OF 
 1 James van Riemsdyk       Logan Couture            Daniel Alfredsson        35     1   2  2  
 2 Jay McClement            Daniel Sedin             Todd Bertuzzi            30     1   2  2  
 3 Jeff Skinner             Matt Moulson             Brad Richardson          22     1   2  2  
 4 Maxim Lapierre           Tanner Glass             James van Riemsdyk       13     1   2  2  

5 vs 5 Defense 
   Defense                  Defense                                           Time % Phy DF OF 
 1 Kevin Bieksa             Kevin Shattenkirk                                 35     1   2  2  
 2 Jamie McBain             Luca Sbisa                                        30     1   2  2  
 3 Francis Bouillon         Philip Larsen                                     22     1   2  2  
 4 Justin Falk              Kevin Bieksa                                      13     1   2  2  

PowerPlay Forward 
   Center                   Left Wing                Right Wing               Time % Phy DF OF 
 1 James van Riemsdyk       Logan Couture            Daniel Alfredsson        60     1   2  2  
 2 Jay McClement            Daniel Sedin             Todd Bertuzzi            40     1   2  2  

PowerPlay Defense
   Defense                  Defense                                           Time % Phy DF OF 
 1 Kevin Bieksa             Kevin Shattenkirk                                 60     1   2  2  
 2 Jamie McBain             Luca Sbisa                                        40     1   2  2  

Penalty Kill 4 Players Forward 
   Center                   Wing                     Time % Phy DF OF 
 1 James van Riemsdyk       Logan Couture            60     1   2  2  
 2 Daniel Alfredsson        Daniel Sedin             40     1   2  2  

Penalty Kill 4 Players Defense
   Defense                  Defense                  Time % Phy DF OF 
 1 Kevin Bieksa             Kevin Shattenkirk        60     1   2  2  
 2 Jamie McBain             Luca Sbisa               40     1   2  2  

Penalty Kill - 3 Players Forward 
   Forward                                           Time % Phy DF OF 
 1 James van Riemsdyk                                60     1   2  2  
 2 Logan Couture                                     40     1   2  2  

Penalty Kill - 3 Players Defense
   Defense                  Defense                  Time % Phy DF OF 
 1 Kevin Bieksa             Kevin Shattenkirk        60     1   2  2  
 2 Jamie McBain             Luca Sbisa               40     1   2  2  

4 vs 4 Forward 
   Center                   Wing                     Time % Phy DF OF 
 1 James van Riemsdyk       Logan Couture            60     1   2  2  
 2 Daniel Alfredsson        Daniel Sedin             40     1   2  2  

4 vs 4 Defense
   Defense                  Defense                  Time % Phy DF OF 
 1 Kevin Bieksa             Kevin Shattenkirk        60     1   2  2  
 2 Jamie McBain             Luca Sbisa               40     1   2  2  

Last Minutes Offensive
   Center                   Left Wing                Right Wing               Defense                  Defense                  
   James van Riemsdyk       Logan Couture            Daniel Alfredsson        Kevin Bieksa             Kevin Shattenkirk        

Last Minutes Defensive
   Center                   Left Wing                Right Wing               Defense                  Defense                  
   James van Riemsdyk       Logan Couture            Daniel Alfredsson        Kevin Bieksa             Kevin Shattenkirk        

Goaltenders
Starting : Jaroslav Halak           
Backup : Tom McCollum             

Extra Forwards
Normal : Jeff Skinner, Matt Moulson, Brad Richardson - PP : Jeff Skinner, Matt Moulson - PK : Brad Richardson
Extra Defensemen
Normal : Francis Bouillon, Philip Larsen, Justin Falk - PP : Francis Bouillon - PK : Philip Larsen, Justin Falk
Penalty Shots
James van Riemsdyk, Logan Couture, Daniel Alfredsson, Daniel Sedin, Jay McClement

% Time on Ice - Panthers

Lines # - Real PCT - Wanted PCT - Time Play
Normal Forward
1 - 25% - 35% - 11:30
2 - 30% - 30% - 13:31
3 - 30% - 22% - 13:37
4 - 16% - 13% - 7:08
Normal Defense
1 - 35% - 35% - 15:52
2 - 29% - 30% - 13:22
3 - 27% - 22% - 12:13
4 - 9% - 13% - 4:19
PP Forward
1 - 48% - 60% - 4:53
2 - 52% - 40% - 5:14
PP Defense
1 - 59% - 60% - 6:00
2 - 41% - 40% - 4:07
PK Forward
1 - 98% - 60% - 4:02
2 - 2% - 40% - 0:05
PK Defense
1 - 52% - 60% - 2:08
2 - 48% - 40% - 1:59
PK3 Forward
1 - 0% - 60%
2 - 0% - 40%
PK3 Defense
1 - 0% - 60%
2 - 0% - 40%
44 Forward
1 - 0% - 60%
2 - 0% - 40%
44 Defense
1 - 0% - 60%
2 - 0% - 40%
Last Minute Offensive  - 0:00
Last Minute Defensive  - 0:00
Total
Forward - 60:00
Defense - 60:00

% Time on Ice - Rangers

Lines # - Real PCT - Wanted PCT - Time Play
Normal Forward
1 - 25% - 35% - 11:23
2 - 30% - 30% - 13:48
3 - 27% - 22% - 12:28
4 - 18% - 13% - 8:07
Normal Defense
1 - 30% - 35% - 13:52
2 - 32% - 30% - 14:45
3 - 29% - 22% - 13:04
4 - 9% - 13% - 4:05
PP Forward
1 - 42% - 60% - 1:44
2 - 58% - 40% - 2:23
PP Defense
1 - 61% - 60% - 2:30
2 - 39% - 40% - 1:37
PK Forward
1 - 74% - 60% - 7:27
2 - 26% - 40% - 2:40
PK Defense
1 - 69% - 60% - 6:58
2 - 31% - 40% - 3:09
PK3 Forward
1 - 0% - 60%
2 - 0% - 40%
PK3 Defense
1 - 0% - 60%
2 - 0% - 40%
44 Forward
1 - 0% - 60%
2 - 0% - 40%
44 Defense
1 - 0% - 60%
2 - 0% - 40%
Last Minute Offensive  - 0:00
Last Minute Defensive  - 0:00
Total
Forward - 60:00
Defense - 60:00

Play by Play

1st period


0:01 of 1st period - James van Riemsdyk wins face-off versus Brad Boyes in neutral zone.
0:10 of 1st period - Snap shot by Logan Couture.
0:10 of 1st period - Shot Misses the Net.
0:55 of 1st period - Wrist shot by Jakob Silfverberg.
0:55 of 1st period - Stopped by Jaroslav Halak with a rebound.
1:08 of 1st period - Simon Despres is hit by Todd Bertuzzi and loses puck.
1:31 of 1st period - Wrist shot by Jeff Skinner.
1:31 of 1st period - Shot Misses the Net.
1:33 of 1st period - Wrist shot by Brad Richardson.
1:33 of 1st period - Goal by Brad Richardson - Panthers : 0 - Rangers : 1.
1:34 of 1st period - Josh Bailey wins face-off versus Maxim Lapierre in neutral zone.
1:57 of 1st period - Snap shot by James van Riemsdyk.
1:57 of 1st period - Shot Hit the Post.
1:59 of 1st period - Wrist shot by Maxim Lapierre.
1:59 of 1st period - Stopped by Cal Heeter without a rebound.
2:00 of 1st period - Matt D'Agostini wins face-off versus Jeff Skinner in Panthers zone.
2:00 of 1st period - Matt D'Agostini is hit by Justin Falk.
2:32 of 1st period - Wrist shot by Jeff Skinner.
2:32 of 1st period - Stopped by Cal Heeter with a rebound.
3:04 of 1st period - Calvin de Haan is hit by James van Riemsdyk and loses puck.
3:31 of 1st period - Minor Penalty to Justin Falk for High sticking.
3:32 of 1st period - James van Riemsdyk wins face-off versus Dustin Penner in Rangers zone.
4:21 of 1st period - James van Riemsdyk is hit by Jake Gardiner and loses puck.
4:44 of 1st period - Slapshot by Brad Boyes.
4:44 of 1st period - Deflect By Charlie Coyle.
4:44 of 1st period - Shot Blocked by Jamie McBain.
4:44 of 1st period - Puck is out of play.
4:45 of 1st period - Brad Boyes wins face-off versus Daniel Alfredsson in Rangers zone.
4:54 of 1st period - Wrist shot by Shawn Horcoff.
4:54 of 1st period - Shot Blocked by Daniel Alfredsson.
4:56 of 1st period - Slapshot by Calvin de Haan.
4:56 of 1st period - Shot Blocked by Kevin Shattenkirk.
4:58 of 1st period - Snap shot by Shawn Horcoff.
4:58 of 1st period - Stopped by Jaroslav Halak with a rebound.
5:10 of 1st period - Slapshot by Logan Couture.
5:10 of 1st period - Shot Misses the Net.
5:31 of 1st period - Penalty to Justin Falk is over, Justin Falk is back on ice.
5:32 of 1st period - Kevin Bieksa is hit by Alex Galchenyuk and loses puck.
5:42 of 1st period - Backhand shot by Jake Gardiner.
5:42 of 1st period - Shot Misses the Net.
6:04 of 1st period - Snap shot by Josh Bailey.
6:04 of 1st period - Stopped by Jaroslav Halak without a rebound.
6:05 of 1st period - Josh Bailey wins face-off versus Matt Moulson in Rangers zone.
6:12 of 1st period - Wrist shot by Nino Niederreiter.
6:12 of 1st period - Stopped by Jaroslav Halak with a rebound.
6:14 of 1st period - Slapshot by Adam Larsson.
6:14 of 1st period - Deflect By Matt Moulson.
6:14 of 1st period - Stopped by Jaroslav Halak without a rebound.
6:15 of 1st period - Jeff Skinner wins face-off versus Matt D'Agostini in Rangers zone.
6:35 of 1st period - Slapshot by Jeff Skinner.
6:35 of 1st period - Shot Blocked by Simon Despres.
7:05 of 1st period - Wrist shot by Jakob Silfverberg.
7:05 of 1st period - Deflect By Dustin Penner.
7:05 of 1st period - Stopped by Jaroslav Halak with a rebound.
7:35 of 1st period - Backhand shot by Marco Scandella.
7:35 of 1st period - Stopped by Jaroslav Halak with a rebound.
7:43 of 1st period - Snap shot by Nino Niederreiter.
7:43 of 1st period - Shot Blocked by Todd Bertuzzi.
8:17 of 1st period - Wrist shot by Shawn Horcoff.
8:17 of 1st period - Stopped by Jaroslav Halak without a rebound.
8:18 of 1st period - Charlie Coyle wins face-off versus Maxim Lapierre in Rangers zone.
8:59 of 1st period - Off-side.
9:00 of 1st period - Jeff Skinner wins face-off versus Alex Galchenyuk in neutral zone.
9:23 of 1st period - Snap shot by Kevin Shattenkirk.
9:23 of 1st period - Shot Blocked by Jake Gardiner.
9:25 of 1st period - Slapshot by Brad Richardson.
9:25 of 1st period - Goal by Brad Richardson - Panthers : 0 - Rangers : 2.
9:26 of 1st period - Josh Bailey wins face-off versus James van Riemsdyk in neutral zone.
9:36 of 1st period - Off-side.
9:37 of 1st period - Josh Bailey wins face-off versus James van Riemsdyk in neutral zone.
10:31 of 1st period - Icing by Jamie McBain.
10:32 of 1st period - Jeff Skinner wins face-off versus Brad Boyes in Rangers zone.
11:21 of 1st period - Wrist shot by Daniel Sedin.
11:21 of 1st period - Stopped by Cal Heeter with a rebound.
11:39 of 1st period - Wrist shot by Todd Bertuzzi.
11:39 of 1st period - Goal by Todd Bertuzzi - Panthers : 0 - Rangers : 3.
11:40 of 1st period - Josh Bailey wins face-off versus James van Riemsdyk in neutral zone.
12:49 of 1st period - Slapshot by Shawn Horcoff.
12:49 of 1st period - Shot Misses the Net.
12:51 of 1st period - Slapshot by Paul Ranger.
12:51 of 1st period - Stopped by Jaroslav Halak with a rebound.
13:03 of 1st period - Minor Penalty to Jay McClement for Goalie Interference.
13:04 of 1st period - James van Riemsdyk wins face-off versus Alex Galchenyuk in Rangers zone.
13:59 of 1st period - Kevin Bieksa is hit by Marco Scandella and loses puck.
14:06 of 1st period - Snap shot by Shawn Horcoff.
14:06 of 1st period - Shot Misses the Net.
14:08 of 1st period - Slapshot by Paul Ranger.
14:08 of 1st period - Goal by Paul Ranger - Panthers : 1 - Rangers : 3.
14:09 of 1st period - Jay McClement wins face-off versus Josh Bailey in neutral zone.
15:03 of 1st period - Slapshot by Brad Richardson.
15:03 of 1st period - Shot Misses the Net.
15:05 of 1st period - Wrist shot by Brad Richardson.
15:05 of 1st period - Stopped by Cal Heeter without a rebound.
15:06 of 1st period - Brad Boyes wins face-off versus Jeff Skinner in Panthers zone.
15:26 of 1st period - Minor Penalty to Brad Boyes for Interference.
15:27 of 1st period - James van Riemsdyk wins face-off versus David Booth in Panthers zone.
15:35 of 1st period - Slapshot by Daniel Alfredsson.
15:35 of 1st period - Deflect By Logan Couture.
15:35 of 1st period - Goal by Logan Couture - Panthers : 1 - Rangers : 4.
15:35 of 1st period - Martin Biron enters game.
15:36 of 1st period - Daniel Alfredsson wins face-off versus Brad Boyes in neutral zone.
15:45 of 1st period - Snap shot by Daniel Alfredsson.
15:45 of 1st period - Stopped by Martin Biron with a rebound.
15:53 of 1st period - Snap shot by Shawn Horcoff.
15:53 of 1st period - Stopped by Jaroslav Halak without a rebound.
15:54 of 1st period - Brad Boyes wins face-off versus James van Riemsdyk in Rangers zone.
16:03 of 1st period - Slapshot by Jake Gardiner.
16:03 of 1st period - Stopped by Jaroslav Halak without a rebound.
16:04 of 1st period - Jay McClement wins face-off versus Alex Galchenyuk in Rangers zone.
16:04 of 1st period - Jay McClement is hit by Dustin Penner.
16:07 of 1st period - Minor Penalty to Todd Bertuzzi for Hooking.
16:08 of 1st period - James van Riemsdyk wins face-off versus Brad Boyes in Rangers zone.
16:23 of 1st period - Off-side.
16:24 of 1st period - Shawn Horcoff wins face-off versus James van Riemsdyk in neutral zone.
17:15 of 1st period - Kevin Shattenkirk is hit by Alex Galchenyuk and loses puck.
17:45 of 1st period - Wrist shot by Daniel Sedin.
17:45 of 1st period - Stopped by Martin Biron with a rebound.
18:07 of 1st period - Penalty to Todd Bertuzzi is over, Todd Bertuzzi is back on ice.
18:51 of 1st period - Backhand shot by Jeff Skinner.
18:51 of 1st period - Stopped by Martin Biron with a rebound.
18:53 of 1st period - Slapshot by Jeff Skinner.
18:53 of 1st period - Shot Misses the Net.
19:39 of 1st period - Wrist shot by David Booth.
19:39 of 1st period - Shot Misses the Net.
19:41 of 1st period - Slapshot by Paul Ranger.
19:41 of 1st period - Deflect By Matt D'Agostini.
19:41 of 1st period - Stopped by Jaroslav Halak with a rebound.
Goals for this period are 1 for Panthers vs 4 for Rangers.
Shots for this period are 13 for Panthers vs 11 for Rangers.

2nd period


0:01 of 2nd period - James van Riemsdyk wins face-off versus Brad Boyes in neutral zone.
0:10 of 2nd period - Slapshot by Marco Scandella.
0:10 of 2nd period - Stopped by Jaroslav Halak without a rebound.
0:11 of 2nd period - Daniel Alfredsson wins face-off versus Brad Boyes in Rangers zone.
0:44 of 2nd period - Slapshot by James van Riemsdyk.
0:44 of 2nd period - Goal by James van Riemsdyk - Panthers : 1 - Rangers : 5.
0:45 of 2nd period - Todd Bertuzzi wins face-off versus Alex Galchenyuk in neutral zone.
0:48 of 2nd period - Alex Galchenyuk is hit by Todd Bertuzzi.
0:51 of 2nd period - Icing by Jakob Silfverberg.
0:52 of 2nd period - Jay McClement wins face-off versus Alex Galchenyuk in Panthers zone.
1:19 of 2nd period - Slapshot by Dustin Penner.
1:19 of 2nd period - Stopped by Jaroslav Halak with a rebound.
1:21 of 2nd period - Wrist shot by Marco Scandella.
1:21 of 2nd period - Stopped by Jaroslav Halak without a rebound.
1:22 of 2nd period - Brad Boyes wins face-off versus James van Riemsdyk in Rangers zone.
2:05 of 2nd period - Shawn Horcoff is hit by Luca Sbisa.
2:27 of 2nd period - Nino Niederreiter is hit by Luca Sbisa and loses puck.
3:04 of 2nd period - Wrist shot by Todd Bertuzzi.
3:04 of 2nd period - Stopped by Martin Biron with a rebound.
3:06 of 2nd period - Snap shot by Daniel Sedin.
3:06 of 2nd period - Stopped by Martin Biron with a rebound.
3:48 of 2nd period - Wrist shot by Matt D'Agostini.
3:48 of 2nd period - Stopped by Jaroslav Halak with a rebound.
4:12 of 2nd period - Matt D'Agostini is hit by Philip Larsen and loses puck.
5:32 of 2nd period - Slapshot by Charlie Coyle.
5:32 of 2nd period - Shot Misses the Net.
6:14 of 2nd period - Wrist shot by Jeff Skinner.
6:14 of 2nd period - Shot Misses the Net.
6:30 of 2nd period - Maxim Lapierre is hit by Dustin Penner and loses puck.
7:11 of 2nd period - Wrist shot by Daniel Sedin.
7:11 of 2nd period - Stopped by Martin Biron with a rebound.
7:21 of 2nd period - Adam Larsson is hit by Kevin Bieksa and loses puck.
7:52 of 2nd period - Calvin de Haan is hit by Maxim Lapierre and loses puck.
8:53 of 2nd period - Icing by Colin McDonald.
8:54 of 2nd period - Matt D'Agostini wins face-off versus Jeff Skinner in Panthers zone.
10:38 of 2nd period - Kevin Bieksa is hit by Simon Despres and loses puck.
11:51 of 2nd period - Slapshot by Charlie Coyle.
11:51 of 2nd period - Stopped by Jaroslav Halak with a rebound.
11:53 of 2nd period - Backhand shot by Marco Scandella.
11:53 of 2nd period - Shot Misses the Net.
11:55 of 2nd period - Slapshot by Marco Scandella.
11:55 of 2nd period - Stopped by Jaroslav Halak with a rebound.
11:57 of 2nd period - Slapshot by Marco Scandella.
11:57 of 2nd period - Shot Blocked by Luca Sbisa.
11:59 of 2nd period - Snap shot by Marco Scandella.
11:59 of 2nd period - Shot Misses the Net.
12:01 of 2nd period - Slapshot by Marco Scandella.
12:01 of 2nd period - Stopped by Jaroslav Halak with a rebound.
12:25 of 2nd period - Brad Richardson is hit by Colin McDonald and loses puck.
13:02 of 2nd period - Off-side.
13:03 of 2nd period - Alex Galchenyuk wins face-off versus Jay McClement in neutral zone.
13:55 of 2nd period - Snap shot by Matt Moulson.
13:55 of 2nd period - Stopped by Martin Biron with a rebound.
13:57 of 2nd period - Snap shot by Luca Sbisa.
13:57 of 2nd period - Shot Misses the Net.
13:59 of 2nd period - Wrist shot by Brad Richardson.
13:59 of 2nd period - Shot Blocked by Calvin de Haan.
14:01 of 2nd period - Slapshot by Luca Sbisa.
14:01 of 2nd period - Deflect By Jeff Skinner.
14:01 of 2nd period - Shot Misses the Net.
14:01 of 2nd period - Puck is out of play.
14:02 of 2nd period - Shawn Horcoff wins face-off versus Jeff Skinner in Panthers zone.
14:09 of 2nd period - Shawn Horcoff is hit by Brad Richardson and loses puck.
14:54 of 2nd period - Kevin Bieksa is hit by Jakob Silfverberg and loses puck.
15:01 of 2nd period - Snap shot by Tanner Glass.
15:01 of 2nd period - Shot Blocked by Adam Larsson.
15:03 of 2nd period - Slapshot by Kevin Bieksa.
15:03 of 2nd period - Stopped by Martin Biron with a rebound.
15:17 of 2nd period - Jeff Skinner is hit by Adam Larsson and loses puck.
15:28 of 2nd period - Kevin Bieksa is hit by Charlie Coyle and loses puck.
17:13 of 2nd period - Wrist shot by Shawn Horcoff.
17:13 of 2nd period - Shot Misses the Net.
17:15 of 2nd period - Snap shot by Brad Boyes.
17:15 of 2nd period - Stopped by Jaroslav Halak with a rebound.
17:26 of 2nd period - Icing by Tanner Glass.
17:27 of 2nd period - Maxim Lapierre wins face-off versus Nino Niederreiter in Rangers zone.
17:27 of 2nd period - Maxim Lapierre is hit by Shawn Horcoff.
17:47 of 2nd period - Minor Penalty to Luca Sbisa for High sticking.
17:48 of 2nd period - Brad Richardson wins face-off versus Jakob Silfverberg in Rangers zone.
18:03 of 2nd period - Slapshot by Kevin Shattenkirk.
18:03 of 2nd period - Goal by Kevin Shattenkirk - Panthers : 1 - Rangers : 6.
18:04 of 2nd period - Charlie Coyle wins face-off versus James van Riemsdyk in neutral zone.
18:51 of 2nd period - Brad Richardson is hit by Alex Galchenyuk and loses puck.
19:18 of 2nd period - Slapshot by Shawn Horcoff.
19:18 of 2nd period - Stopped by Jaroslav Halak with a rebound.
19:40 of 2nd period - Alex Galchenyuk is hit by Kevin Shattenkirk and loses puck.
19:47 of 2nd period - Penalty to Luca Sbisa is over, Luca Sbisa is back on ice.
Goals for this period are 0 for Panthers vs 2 for Rangers.
Shots for this period are 9 for Panthers vs 7 for Rangers.

3rd period


0:01 of 3rd period - Brad Boyes wins face-off versus James van Riemsdyk in neutral zone.
0:20 of 3rd period - Snap shot by James van Riemsdyk.
0:20 of 3rd period - Goal by James van Riemsdyk - Panthers : 1 - Rangers : 7.
0:21 of 3rd period - Brad Boyes wins face-off versus James van Riemsdyk in neutral zone.
0:33 of 3rd period - Wrist shot by Shawn Horcoff.
0:33 of 3rd period - Shot Misses the Net.
0:35 of 3rd period - Wrist shot by Shawn Horcoff.
0:35 of 3rd period - Stopped by Jaroslav Halak with a rebound.
1:15 of 3rd period - Kevin Shattenkirk is hit by Marco Scandella and loses puck.
1:42 of 3rd period - Minor Penalty to Kevin Bieksa for Holding.
1:43 of 3rd period - Brad Boyes wins face-off versus James van Riemsdyk in Rangers zone.
2:37 of 3rd period - Slapshot by Alex Galchenyuk.
2:37 of 3rd period - Goal by Alex Galchenyuk - Panthers : 2 - Rangers : 7.
2:38 of 3rd period - Josh Bailey wins face-off versus Jay McClement in neutral zone.
3:00 of 3rd period - Minor Penalty to Kevin Shattenkirk for Hooking.
3:01 of 3rd period - Brad Boyes wins face-off versus James van Riemsdyk in Rangers zone.
3:25 of 3rd period - Snap shot by Charlie Coyle.
3:25 of 3rd period - Stopped by Jaroslav Halak without a rebound.
3:26 of 3rd period - James van Riemsdyk wins face-off versus Alex Galchenyuk in Rangers zone.
3:31 of 3rd period - Slapshot by Logan Couture.
3:31 of 3rd period - Shot Misses the Net.
4:19 of 3rd period - Daniel Sedin is hit by Brad Boyes and loses puck.
4:57 of 3rd period - Slapshot by Jake Gardiner.
4:57 of 3rd period - Shot Blocked by Kevin Bieksa.
5:00 of 3rd period - Penalty to Kevin Shattenkirk is over, Kevin Shattenkirk is back on ice.
5:13 of 3rd period - Wrist shot by Jake Gardiner.
5:13 of 3rd period - Stopped by Jaroslav Halak without a rebound.
5:14 of 3rd period - Josh Bailey wins face-off versus Jeff Skinner in Rangers zone.
5:49 of 3rd period - Slapshot by Jeff Skinner.
5:49 of 3rd period - Deflect By Matt Moulson.
5:49 of 3rd period - Shot Blocked by Simon Despres.
5:49 of 3rd period - Puck is out of play.
5:50 of 3rd period - Jay McClement wins face-off versus Brad Boyes in Panthers zone.
6:26 of 3rd period - Jake Gardiner is hit by Jay McClement and loses puck.
6:45 of 3rd period - Jakob Silfverberg is hit by Maxim Lapierre and loses puck.
7:19 of 3rd period - Minor Penalty to Colin McDonald for Hooking.
7:20 of 3rd period - Brad Boyes wins face-off versus James van Riemsdyk in Panthers zone.
7:59 of 3rd period - Paul Ranger is hit by Kevin Bieksa and loses puck.
8:20 of 3rd period - Snap shot by Daniel Sedin.
8:20 of 3rd period - Shot Misses the Net.
8:22 of 3rd period - Wrist shot by Jay McClement.
8:22 of 3rd period - Shot Misses the Net.
9:07 of 3rd period - Slapshot by Todd Bertuzzi.
9:07 of 3rd period - Shot Misses the Net.
9:09 of 3rd period - Snap shot by Daniel Sedin.
9:09 of 3rd period - Shot Misses the Net.
9:19 of 3rd period - Penalty to Colin McDonald is over, Colin McDonald is back on ice.
10:03 of 3rd period - Off-side.
10:04 of 3rd period - Josh Bailey wins face-off versus Brad Richardson in neutral zone.
11:16 of 3rd period - Tanner Glass is hit by Dustin Penner and loses puck.
12:07 of 3rd period - Minor Penalty to Kevin Bieksa for Delaying the game.
12:08 of 3rd period - Alex Galchenyuk wins face-off versus James van Riemsdyk in Rangers zone.
12:14 of 3rd period - Slapshot by Jakob Silfverberg.
12:14 of 3rd period - Shot Misses the Net.
12:16 of 3rd period - Slapshot by Paul Ranger.
12:16 of 3rd period - Shot Blocked by Luca Sbisa.
12:18 of 3rd period - Slapshot by Calvin de Haan.
12:18 of 3rd period - Goal by Calvin de Haan - Panthers : 3 - Rangers : 7.
12:19 of 3rd period - Jay McClement wins face-off versus Dustin Penner in neutral zone.
12:24 of 3rd period - Snap shot by Daniel Sedin.
12:24 of 3rd period - Stopped by Martin Biron with a rebound.
12:32 of 3rd period - Slapshot by Alex Galchenyuk.
12:32 of 3rd period - Stopped by Jaroslav Halak with a rebound.
12:34 of 3rd period - Wrist shot by Paul Ranger.
12:34 of 3rd period - Stopped by Jaroslav Halak without a rebound.
12:35 of 3rd period - Jay McClement wins face-off versus Alex Galchenyuk in Rangers zone.
12:48 of 3rd period - Slapshot by Daniel Sedin.
12:48 of 3rd period - Shot Blocked by Paul Ranger.
14:56 of 3rd period - Simon Despres is hit by Jay McClement and loses puck.
15:15 of 3rd period - Snap shot by Jakob Silfverberg.
15:15 of 3rd period - Deflect By Dustin Penner.
15:15 of 3rd period - Shot Misses the Net.
15:15 of 3rd period - Puck is out of play.
15:16 of 3rd period - Matt D'Agostini wins face-off versus Maxim Lapierre in Rangers zone.
15:55 of 3rd period - Minor Penalty to Paul Ranger for Hooking.
15:56 of 3rd period - Jay McClement wins face-off versus Brad Boyes in Panthers zone.
16:00 of 3rd period - Snap shot by Todd Bertuzzi.
16:00 of 3rd period - Shot Blocked by Marco Scandella.
16:02 of 3rd period - Slapshot by Kevin Shattenkirk.
16:02 of 3rd period - Stopped by Martin Biron with a rebound.
16:04 of 3rd period - Snap shot by Todd Bertuzzi.
16:04 of 3rd period - Deflect By Daniel Sedin.
16:04 of 3rd period - Shot Blocked by Jake Gardiner.
16:04 of 3rd period - Puck is out of play.
16:05 of 3rd period - Brad Boyes wins face-off versus Jay McClement in Panthers zone.
16:28 of 3rd period - Snap shot by Todd Bertuzzi.
16:28 of 3rd period - Shot Blocked by Jake Gardiner.
16:30 of 3rd period - Snap shot by Jay McClement.
16:30 of 3rd period - Stopped by Martin Biron with a rebound.
16:58 of 3rd period - Marco Scandella is hit by Logan Couture and loses puck.
17:55 of 3rd period - Penalty to Paul Ranger is over, Paul Ranger is back on ice.
17:56 of 3rd period - Luca Sbisa is hit by Alex Galchenyuk.
18:02 of 3rd period - Logan Couture is hit by Paul Ranger and loses puck.
18:09 of 3rd period - Slapshot by Francis Bouillon.
18:09 of 3rd period - Stopped by Martin Biron with a rebound.
18:43 of 3rd period - Slapshot by Matt Moulson.
18:43 of 3rd period - Shot Misses the Net.
18:45 of 3rd period - Slapshot by Philip Larsen.
18:45 of 3rd period - Shot Hit the Post.
18:47 of 3rd period - Slapshot by Philip Larsen.
18:47 of 3rd period - Shot Blocked by Marco Scandella.
19:06 of 3rd period - Off-side.
19:07 of 3rd period - Maxim Lapierre wins face-off versus Josh Bailey in neutral zone.
Goals for this period are 2 for Panthers vs 1 for Rangers.
Shots for this period are 7 for Panthers vs 5 for Rangers.


Output by the SimonT Hockey Simulator (STHS) for Eric Dolegowski -- Original Page W3C XHTML 1.0 Valid
Hockey Simulator - Hockey Simulation - Hockey Manager